[ AOE2 MATCH · #483178881 ]
UnrankedBulgarians vs Goths
[ REPLAY ANALYSIS · EXTRACTED FROM THE RECORDED GAME ]
Feudal
9:38
Castle
22:46
Imperial
—
| APM avg | 27.4 |
| APM peak | 80 |
| eAPM avg | 14.9 |
| Villagers / military | 102 / 59 |
Focus
⚔️ 29.2% · 🌾 70.8%
Konnik ×43 · Militia ×16
Feudal
12:11
Castle
15:58
Imperial
35:24
| APM avg | 37.1 |
| APM peak | 96 |
| eAPM avg | 21.1 |
| Villagers / military | 162 / 188 |
Focus
⚔️ 28.2% · 🌾 71.8%
Spearman ×72 · Huskarl ×61 · Militia ×53 · Trebuchet (Packed) ×2
Feudal
10:44
Castle
16:15
Imperial
32:01
| APM avg | 18.1 |
| APM peak | 49 |
| eAPM avg | 13.5 |
| Villagers / military | 114 / 127 |
Focus
⚔️ 34.0% · 🌾 66.0%
Skirmisher ×60 · Spearman ×58 · Knight ×3 · Bombard Cannon ×3 · Monk ×2 · Trebuchet (Packed) ×1
Feudal
10:58
Castle
29:25
Imperial
—
| APM avg | 25.1 |
| APM peak | 68 |
| eAPM avg | 13.0 |
| Villagers / military | 107 / 57 |
Focus
⚔️ 32.3% · 🌾 67.7%
Archer ×50 · Spearman ×4 · Monk ×3
Feudal
11:25
Castle
16:01
Imperial
32:46
| APM avg | 21.2 |
| APM peak | 39 |
| eAPM avg | 13.5 |
| Villagers / military | 179 / 83 |
Focus
⚔️ 27.8% · 🌾 72.2%
Konnik ×50 · Skirmisher ×21 · Battering Ram ×7 · Monk ×2 · Knight ×2 · Mangonel ×1
Feudal
12:53
Castle
18:34
Imperial
36:21
| APM avg | 25.1 |
| APM peak | 73 |
| eAPM avg | 14.7 |
| Villagers / military | 143 / 50 |
Focus
⚔️ 21.3% · 🌾 78.7%
Mameluke ×35 · Battering Ram ×8 · Trebuchet (Packed) ×7
Match map
Initial resources + every placement click. Lines = walls · curves = elevation contours. ◆ gold · ⬟ stone · ● berries · ✦ relic · ◌ wall gap
Inputs per minute
— Malvavisco - - Hasper
Build order — Malvavisco
First 150 of 301 actions detected
| 0:02 | Create | Villager (Male) |
| 0:02 | Create | Villager (Male) |
| 0:02 | Create | Villager (Male) |
| 0:02 | Create | Villager (Male) |
| 0:03 | Create | Villager (Male) |
| 0:04 | Build | House |
| 0:05 | Build | House |
| 1:31 | Create | Villager (Male) |
| 2:01 | Create | Villager (Male) |
| 2:12 | Create | Villager (Male) |
| 2:12 | Create | Villager (Male) |
| 2:52 | Build | Lumber Camp |
| 3:04 | Create | Villager (Male) |
| 3:04 | Create | Villager (Male) |
| 3:31 | Create | Villager (Male) |
| 3:58 | Build | House |
| 4:01 | Create | Villager (Male) |
| 4:01 | Create | Villager (Male) |
| 4:37 | Build | Mill |
| 4:45 | Create | Villager (Male) |
| 4:45 | Create | Villager (Male) |
| 4:46 | Create | Villager (Male) |
| 4:46 | Create | Villager (Male) |
| 5:23 | Create | Villager (Male) |
| 5:54 | Create | Villager (Male) |
| 5:54 | Create | Villager (Male) |
| 5:54 | Create | Villager (Male) |
| 5:58 | Build | Mill |
| 6:01 | Create | Villager (Male) |
| 6:47 | Research | Loom |
| 6:51 | Build | House |
| 6:53 | Build | House |
| 7:28 | Research | Feudal Age |
| 7:28 | Research | Feudal Age |
| 8:37 | Build | Barracks |
| 9:17 | Create | Villager (Male) |
| 9:17 | Create | Villager (Male) |
| 9:23 | Build | House |
| 9:38 | Age | Feudal Age |
| 9:43 | Create | Villager (Male) |
| 9:56 | Create | Militia |
| 9:57 | Create | Militia |
| 9:57 | Create | Militia |
| 10:07 | Build | Mining Camp |
| 10:08 | Create | Villager (Male) |
| 10:09 | Create | Villager (Male) |
| 10:17 | Create | Villager (Male) |
| 10:18 | Create | Villager (Male) |
| 10:34 | Build | Outpost |
| 10:38 | Create | Villager (Male) |
| 11:04 | Create | Militia |
| 11:04 | Create | Militia |
| 11:05 | Create | Militia |
| 11:25 | Research | Double-Bit Axe |
| 11:25 | Research | Double-Bit Axe |
| 11:29 | Create | Villager (Male) |
| 11:29 | Create | Villager (Male) |
| 11:38 | Research | Horse Collar |
| 11:38 | Research | Horse Collar |
| 12:37 | Build | Farm |
| 12:38 | Build | Farm |
| 12:52 | Create | Militia |
| 12:52 | Create | Militia |
| 12:53 | Create | Militia |
| 12:59 | Research | Arson |
| 13:00 | Research | Arson |
| 13:09 | Build | Blacksmith |
| 13:17 | Create | Militia |
| 13:18 | Create | Militia |
| 13:31 | Build | Farm |
| 13:32 | Build | Farm |
| 13:45 | Create | Militia |
| 13:45 | Create | Militia |
| 13:46 | Create | Militia |
| 13:52 | Build | Outpost |
| 14:48 | Create | Militia |
| 14:48 | Create | Militia |
| 15:00 | Create | Villager (Male) |
| 15:02 | Build | Farm |
| 15:04 | Build | Farm |
| 15:06 | Research | Scale Mail Armor |
| 15:08 | Build | Farm |
| 15:09 | Create | Villager (Male) |
| 15:34 | Build | House |
| 15:35 | Build | House |
| 16:28 | Create | Villager (Male) |
| 16:31 | Build | Farm |
| 16:36 | Build | Farm |
| 16:36 | Build | Farm |
| 16:45 | Create | Villager (Male) |
| 17:04 | Create | Villager (Male) |
| 17:07 | Build | Farm |
| 17:07 | Build | Farm |
| 17:07 | Build | Farm |
| 17:08 | Build | Farm |
| 17:08 | Build | Farm |
| 17:57 | Build | Farm |
| 18:07 | Build | Market |
| 19:01 | Build | Farm |
| 19:02 | Build | Farm |
| 19:23 | Build | House |
| 19:25 | Build | House |
| 19:41 | Build | Farm |
| 19:45 | Build | Farm |
| 19:58 | Build | Mining Camp |
| 20:06 | Research | Castle Age |
| 20:23 | Build | House |
| 20:35 | Build | Building 490 |
| 20:39 | Build | House |
| 21:01 | Research | Scale Barding Armor |
| 21:02 | Research | Forging |
| 21:18 | Research | Stone Mining |
| 21:57 | Create | Villager (Male) |
| 21:57 | Create | Villager (Male) |
| 22:46 | Age | Castle Age |
| 22:52 | Build | Krepost |
| 23:06 | Build | House |
| 23:08 | Build | House |
| 23:28 | Create | Villager (Male) |
| 23:36 | Create | Konnik |
| 23:36 | Create | Konnik |
| 23:37 | Create | Konnik |
| 23:37 | Create | Konnik |
| 24:04 | Build | Mining Camp |
| 24:17 | Research | Chain Barding Armor |
| 24:21 | Build | Farm |
| 24:24 | Create | Villager (Male) |
| 24:38 | Create | Konnik |
| 24:38 | Create | Konnik |
| 25:02 | Build | Farm |
| 25:18 | Create | Villager (Male) |
| 25:23 | Research | Chain Mail Armor |
| 25:24 | Research | Chain Mail Armor |
| 25:29 | Build | Farm |
| 25:31 | Create | Villager (Male) |
| 25:44 | Build | Town Center |
| 25:53 | Build | Lumber Camp |
| 25:58 | Build | Farm |
| 26:00 | Create | Konnik |
| 26:00 | Create | Konnik |
| 26:00 | Create | Konnik |
| 26:08 | Create | Villager (Male) |
| 26:23 | Build | Farm |
| 26:24 | Create | Villager (Male) |
| 26:27 | Build | Farm |
| 26:30 | Create | Villager (Male) |
| 27:09 | Create | Villager (Male) |
| 27:09 | Create | Villager (Male) |
| 27:22 | Research | Gold Mining |
| 27:23 | Research | Gold Mining |
Build order — Hasper
First 150 of 488 actions detected
| 0:01 | Create | Villager (Male) |
| 0:01 | Create | Villager (Male) |
| 0:02 | Create | Villager (Male) |
| 0:02 | Build | House |
| 0:04 | Build | House |
| 0:04 | Create | Villager (Male) |
| 1:33 | Create | Villager (Male) |
| 1:34 | Create | Villager (Male) |
| 1:59 | Create | Villager (Male) |
| 2:00 | Create | Villager (Male) |
| 2:02 | Build | Lumber Camp |
| 2:14 | Create | Villager (Male) |
| 2:15 | Create | Villager (Male) |
| 2:45 | Build | House |
| 2:46 | Build | House |
| 3:03 | Create | Villager (Male) |
| 3:03 | Create | Villager (Male) |
| 3:04 | Create | Villager (Male) |
| 3:44 | Create | Villager (Male) |
| 3:44 | Create | Villager (Male) |
| 3:56 | Create | Villager (Male) |
| 3:57 | Create | Villager (Male) |
| 4:27 | Create | Villager (Male) |
| 4:28 | Create | Villager (Male) |
| 4:28 | Create | Villager (Male) |
| 4:51 | Create | Villager (Male) |
| 4:52 | Create | Villager (Male) |
| 5:45 | Create | Villager (Male) |
| 5:45 | Create | Villager (Male) |
| 5:45 | Create | Villager (Male) |
| 6:03 | Build | Mill |
| 6:14 | Build | Mill |
| 6:32 | Create | Villager (Male) |
| 6:32 | Create | Villager (Male) |
| 6:32 | Create | Villager (Male) |
| 6:33 | Create | Villager (Male) |
| 7:06 | Create | Villager (Male) |
| 7:06 | Create | Villager (Male) |
| 7:07 | Create | Villager (Male) |
| 8:03 | Build | Mining Camp |
| 8:41 | Build | House |
| 8:51 | Build | Mining Camp |
| 9:09 | Create | Villager (Male) |
| 9:09 | Create | Villager (Male) |
| 9:11 | Research | Feudal Age |
| 10:03 | Create | Villager (Male) |
| 10:04 | Create | Villager (Male) |
| 12:11 | Age | Feudal Age |
| 12:21 | Build | Market |
| 12:25 | Build | Blacksmith |
| 12:51 | Build | House |
| 13:02 | Research | Double-Bit Axe |
| 13:18 | Research | Castle Age |
| 13:19 | Research | Castle Age |
| 14:00 | Build | Farm |
| 14:00 | Build | Farm |
| 14:00 | Build | Farm |
| 14:02 | Create | Villager (Male) |
| 14:02 | Create | Villager (Male) |
| 14:03 | Create | Villager (Male) |
| 14:13 | Build | Farm |
| 14:23 | Build | House |
| 14:39 | Build | Barracks |
| 15:06 | Research | Loom |
| 15:29 | Research | Man-at-Arms (upgrade) |
| 15:34 | Build | Barracks |
| 15:46 | Build | Farm |
| 15:56 | Research | Scale Mail Armor |
| 15:57 | Research | Forging |
| 15:58 | Age | Castle Age |
| 16:02 | Research | Squires |
| 16:05 | Create | Militia |
| 16:05 | Create | Militia |
| 16:05 | Create | Militia |
| 16:11 | Build | Barracks |
| 16:20 | Create | Militia |
| 16:23 | Create | Villager (Male) |
| 16:24 | Create | Villager (Male) |
| 16:44 | Build | Lumber Camp |
| 16:49 | Create | Militia |
| 16:50 | Create | Militia |
| 17:25 | Create | Villager (Male) |
| 17:25 | Create | Villager (Male) |
| 17:59 | Build | Town Center |
| 18:11 | Research | Long Swordsman (upgrade) |
| 18:11 | Create | Militia |
| 18:12 | Create | Militia |
| 18:28 | Create | Militia |
| 18:44 | Build | Farm |
| 18:44 | Build | Farm |
| 18:45 | Build | Farm |
| 18:45 | Build | Farm |
| 18:45 | Build | Farm |
| 18:45 | Build | Farm |
| 18:46 | Build | Farm |
| 18:58 | Create | Militia |
| 18:58 | Create | Militia |
| 19:34 | Create | Villager (Male) |
| 19:34 | Create | Villager (Male) |
| 19:41 | Create | Villager (Male) |
| 19:42 | Create | Villager (Male) |
| 20:14 | Build | Town Center |
| 20:17 | Create | Villager (Male) |
| 20:17 | Create | Villager (Male) |
| 20:17 | Create | Villager (Male) |
| 20:34 | Build | Farm |
| 20:46 | Create | Villager (Male) |
| 20:47 | Create | Villager (Male) |
| 20:48 | Build | Farm |
| 21:01 | Create | Villager (Male) |
| 21:02 | Create | Villager (Male) |
| 21:07 | Build | Farm |
| 21:10 | Build | Farm |
| 21:20 | Create | Villager (Male) |
| 21:20 | Create | Villager (Male) |
| 21:21 | Create | Villager (Male) |
| 21:47 | Create | Villager (Male) |
| 21:47 | Create | Villager (Male) |
| 21:49 | Build | Farm |
| 21:49 | Build | Farm |
| 22:32 | Research | Horse Collar |
| 22:32 | Research | Gold Mining |
| 22:35 | Create | Villager (Male) |
| 23:16 | Create | Villager (Male) |
| 23:16 | Create | Villager (Male) |
| 23:17 | Create | Villager (Male) |
| 23:20 | Build | Farm |
| 23:30 | Create | Villager (Male) |
| 23:30 | Create | Villager (Male) |
| 23:34 | Build | Farm |
| 23:34 | Build | Farm |
| 23:34 | Build | Farm |
| 23:35 | Build | Farm |
| 23:35 | Build | Farm |
| 23:35 | Build | Farm |
| 24:04 | Create | Villager (Male) |
| 24:04 | Create | Villager (Male) |
| 24:05 | Build | Farm |
| 24:06 | Create | Villager (Male) |
| 24:06 | Create | Villager (Male) |
| 24:07 | Create | Villager (Male) |
| 24:12 | Build | House |
| 24:12 | Build | House |
| 24:13 | Build | House |
| 24:13 | Build | House |
| 24:13 | Build | House |
| 24:22 | Create | Villager (Male) |
| 24:22 | Create | Villager (Male) |
| 24:26 | Build | Farm |
| 24:29 | Build | Farm |
Build order — llamasalonsoignacio
First 150 of 387 actions detected
| 0:09 | Build | House |
| 0:10 | Build | House |
| 0:12 | Create | Villager (Male) |
| 0:12 | Create | Villager (Male) |
| 0:12 | Create | Villager (Male) |
| 0:13 | Create | Villager (Male) |
| 0:41 | Create | Villager (Male) |
| 0:41 | Create | Villager (Male) |
| 1:40 | Create | Villager (Male) |
| 1:41 | Create | Villager (Male) |
| 2:17 | Build | Lumber Camp |
| 2:20 | Create | Villager (Male) |
| 2:20 | Create | Villager (Male) |
| 2:20 | Create | Villager (Male) |
| 2:49 | Create | Villager (Male) |
| 2:49 | Create | Villager (Male) |
| 3:24 | Create | Villager (Male) |
| 3:24 | Create | Villager (Male) |
| 3:31 | Build | House |
| 3:37 | Create | Villager (Male) |
| 4:09 | Create | Villager (Male) |
| 4:09 | Create | Villager (Male) |
| 4:22 | Create | Villager (Male) |
| 4:22 | Create | Villager (Male) |
| 4:57 | Create | Villager (Male) |
| 5:11 | Build | House |
| 5:14 | Build | Mill |
| 5:21 | Research | Loom |
| 5:48 | Create | Villager (Male) |
| 5:48 | Create | Villager (Male) |
| 6:18 | Create | Villager (Male) |
| 6:18 | Create | Villager (Male) |
| 6:18 | Create | Villager (Male) |
| 6:34 | Create | Villager (Male) |
| 6:34 | Create | Villager (Male) |
| 6:34 | Create | Villager (Male) |
| 6:45 | Create | Villager (Male) |
| 6:45 | Create | Villager (Male) |
| 7:34 | Build | Mining Camp |
| 8:38 | Research | Feudal Age |
| 9:03 | Create | Villager (Male) |
| 9:14 | Build | House |
| 9:15 | Build | House |
| 10:15 | Build | Barracks |
| 10:44 | Age | Feudal Age |
| 11:03 | Build | Blacksmith |
| 11:11 | Build | Stable |
| 11:25 | Build | Mill |
| 11:30 | Build | Farm |
| 11:31 | Create | Villager (Male) |
| 11:43 | Create | Villager (Male) |
| 11:43 | Create | Villager (Male) |
| 12:05 | Create | Villager (Male) |
| 12:23 | Build | House |
| 12:25 | Build | House |
| 12:26 | Build | House |
| 12:28 | Build | House |
| 12:30 | Build | House |
| 12:54 | Create | Villager (Male) |
| 13:21 | Create | Villager (Male) |
| 13:49 | Research | Castle Age |
| 14:36 | Build | Palisade Wall |
| 14:53 | Build | Palisade Wall |
| 15:20 | Build | Palisade Wall |
| 15:33 | Create | Villager (Male) |
| 15:33 | Create | Villager (Male) |
| 15:51 | Build | Farm |
| 15:52 | Build | Farm |
| 15:53 | Build | Farm |
| 15:56 | Build | Farm |
| 15:58 | Build | Farm |
| 15:59 | Build | Farm |
| 16:01 | Build | Farm |
| 16:15 | Age | Castle Age |
| 16:15 | Build | House |
| 16:16 | Build | House |
| 16:18 | Build | House |
| 16:20 | Build | House |
| 16:25 | Research | Double-Bit Axe |
| 16:42 | Build | Town Center |
| 17:00 | Build | Palisade Wall |
| 17:07 | Research | Horse Collar |
| 17:12 | Build | Farm |
| 17:15 | Create | Villager (Male) |
| 17:15 | Create | Villager (Male) |
| 17:15 | Create | Villager (Male) |
| 17:46 | Build | University |
| 17:54 | Build | House |
| 17:59 | Build | Palisade Wall |
| 18:06 | Create | Villager (Male) |
| 18:06 | Create | Villager (Male) |
| 18:06 | Create | Villager (Male) |
| 18:06 | Create | Villager (Male) |
| 18:17 | Build | Farm |
| 18:19 | Build | Farm |
| 18:20 | Build | Farm |
| 18:33 | Build | Lumber Camp |
| 18:46 | Build | Palisade Gate |
| 18:54 | Create | Villager (Male) |
| 18:54 | Create | Villager (Male) |
| 18:54 | Create | Villager (Male) |
| 19:00 | Create | Villager (Male) |
| 19:00 | Create | Villager (Male) |
| 19:15 | Create | Knight |
| 19:39 | Build | Monastery |
| 19:43 | Create | Villager (Male) |
| 19:45 | Create | Villager (Male) |
| 19:45 | Create | Villager (Male) |
| 20:03 | Build | Palisade Wall |
| 20:19 | Create | Villager (Male) |
| 20:19 | Create | Villager (Male) |
| 20:24 | Create | Villager (Male) |
| 20:24 | Create | Villager (Male) |
| 20:30 | Create | Monk |
| 20:30 | Create | Monk |
| 20:41 | Build | Mining Camp |
| 21:01 | Create | Villager (Male) |
| 21:01 | Create | Villager (Male) |
| 21:03 | Create | Villager (Male) |
| 21:03 | Create | Villager (Male) |
| 21:11 | Build | Palisade Wall |
| 21:27 | Build | Mining Camp |
| 21:31 | Create | Villager (Male) |
| 21:31 | Create | Villager (Male) |
| 21:51 | Create | Villager (Male) |
| 21:52 | Create | Villager (Male) |
| 22:20 | Research | Bow Saw |
| 22:52 | Build | Outpost |
| 22:56 | Create | Villager (Male) |
| 22:56 | Create | Villager (Male) |
| 22:56 | Create | Villager (Male) |
| 23:07 | Build | Farm |
| 23:08 | Build | Farm |
| 23:11 | Build | Farm |
| 23:12 | Build | Farm |
| 23:13 | Build | Farm |
| 23:14 | Build | Farm |
| 23:29 | Create | Knight |
| 23:30 | Create | Knight |
| 23:50 | Build | Castle |
| 23:56 | Create | Villager (Male) |
| 23:56 | Create | Villager (Male) |
| 24:11 | Build | Farm |
| 24:15 | Build | Farm |
| 24:16 | Build | Farm |
| 24:17 | Build | Farm |
| 24:18 | Build | Farm |
| 24:19 | Build | Farm |
| 24:44 | Research | Gold Mining |
| 24:45 | Research | Stone Mining |
Build order — SINAPODO
First 150 of 293 actions detected
| 0:02 | Create | Villager (Male) |
| 0:02 | Create | Villager (Male) |
| 0:02 | Create | Villager (Male) |
| 0:02 | Create | Villager (Male) |
| 0:02 | Create | Villager (Male) |
| 0:04 | Build | House |
| 0:08 | Build | House |
| 0:13 | Research | Loom |
| 0:14 | Create | Villager (Male) |
| 0:14 | Create | Villager (Male) |
| 0:14 | Create | Villager (Male) |
| 0:14 | Create | Villager (Male) |
| 0:14 | Create | Villager (Male) |
| 0:14 | Create | Villager (Male) |
| 1:33 | Create | Villager (Male) |
| 1:33 | Create | Villager (Male) |
| 1:33 | Create | Villager (Male) |
| 1:56 | Create | Villager (Male) |
| 1:57 | Create | Villager (Male) |
| 1:57 | Create | Villager (Male) |
| 2:36 | Create | Villager (Male) |
| 2:36 | Create | Villager (Male) |
| 2:36 | Create | Villager (Male) |
| 2:56 | Create | Villager (Male) |
| 2:57 | Create | Villager (Male) |
| 3:19 | Create | Villager (Male) |
| 3:19 | Create | Villager (Male) |
| 3:19 | Create | Villager (Male) |
| 3:28 | Build | Lumber Camp |
| 3:52 | Build | House |
| 3:54 | Build | House |
| 4:01 | Create | Villager (Male) |
| 4:02 | Create | Villager (Male) |
| 4:02 | Create | Villager (Male) |
| 4:24 | Create | Villager (Male) |
| 4:24 | Create | Villager (Male) |
| 4:25 | Create | Villager (Male) |
| 4:25 | Create | Villager (Male) |
| 4:51 | Create | Villager (Male) |
| 4:52 | Create | Villager (Male) |
| 4:52 | Create | Villager (Male) |
| 5:00 | Build | Mill |
| 5:39 | Create | Villager (Male) |
| 5:40 | Create | Villager (Male) |
| 5:40 | Create | Villager (Male) |
| 6:04 | Create | Villager (Male) |
| 6:05 | Create | Villager (Male) |
| 6:05 | Create | Villager (Male) |
| 6:05 | Create | Villager (Male) |
| 6:52 | Build | Palisade Wall |
| 6:57 | Create | Villager (Male) |
| 6:57 | Create | Villager (Male) |
| 7:34 | Create | Villager (Male) |
| 8:42 | Build | Barracks |
| 8:48 | Research | Feudal Age |
| 9:22 | Build | Building 796 |
| 9:27 | Build | House |
| 9:31 | Build | House |
| 9:36 | Build | House |
| 10:24 | Build | Palisade Wall |
| 10:32 | Build | Mining Camp |
| 10:44 | Create | Villager (Male) |
| 10:44 | Create | Villager (Male) |
| 10:58 | Age | Feudal Age |
| 11:13 | Build | House |
| 11:28 | Create | Villager (Male) |
| 11:28 | Create | Villager (Male) |
| 11:41 | Build | Palisade Wall |
| 11:51 | Build | Archery Range |
| 11:56 | Build | House |
| 12:12 | Build | House |
| 12:27 | Create | Villager (Male) |
| 12:27 | Create | Villager (Male) |
| 12:33 | Build | Blacksmith |
| 12:42 | Create | Archer |
| 12:42 | Create | Archer |
| 12:42 | Create | Archer |
| 12:42 | Create | Archer |
| 13:10 | Build | Farm |
| 13:11 | Build | Farm |
| 13:11 | Build | Farm |
| 13:11 | Build | Farm |
| 13:11 | Build | Farm |
| 13:11 | Build | Farm |
| 13:12 | Build | Farm |
| 14:42 | Build | House |
| 15:37 | Build | Lumber Camp |
| 15:42 | Create | Villager (Male) |
| 15:42 | Create | Villager (Male) |
| 17:46 | Build | Stone Wall |
| 17:54 | Create | Villager (Male) |
| 17:54 | Create | Villager (Male) |
| 17:56 | Create | Villager (Male) |
| 17:56 | Create | Villager (Male) |
| 17:57 | Create | Villager (Male) |
| 18:09 | Build | Stone Wall |
| 18:52 | Build | Mining Camp |
| 19:20 | Build | Lumber Camp |
| 19:37 | Create | Villager (Male) |
| 19:37 | Create | Villager (Male) |
| 20:11 | Build | Stone Wall |
| 20:13 | Build | Stone Wall |
| 20:19 | Build | Stone Wall |
| 20:21 | Build | Stone Wall |
| 20:51 | Build | Stone Wall |
| 20:56 | Build | Stone Wall |
| 20:58 | Build | Stone Wall |
| 21:01 | Build | Stone Wall |
| 21:04 | Create | Villager (Male) |
| 21:04 | Create | Villager (Male) |
| 21:09 | Build | Archery Range |
| 21:29 | Build | Farm |
| 21:30 | Build | Farm |
| 21:30 | Build | Farm |
| 21:31 | Build | Farm |
| 21:32 | Build | Farm |
| 21:49 | Create | Villager (Male) |
| 22:01 | Build | Building 665 |
| 22:04 | Create | Archer |
| 22:04 | Create | Archer |
| 22:04 | Create | Archer |
| 22:05 | Create | Archer |
| 22:05 | Create | Archer |
| 22:05 | Create | Archer |
| 22:05 | Create | Archer |
| 22:05 | Create | Archer |
| 22:11 | Research | Fletching |
| 22:11 | Research | Padded Archer Armor |
| 22:22 | Create | Villager (Male) |
| 22:22 | Create | Villager (Male) |
| 22:38 | Build | Stone Wall |
| 22:57 | Create | Villager (Male) |
| 22:57 | Create | Villager (Male) |
| 23:11 | Build | Building 490 |
| 23:20 | Research | Double-Bit Axe |
| 23:21 | Research | Horse Collar |
| 23:44 | Build | Archery Range |
| 23:58 | Build | Market |
| 24:08 | Create | Villager (Male) |
| 24:08 | Create | Villager (Male) |
| 24:24 | Build | Mill |
| 24:44 | Build | Farm |
| 24:48 | Build | Farm |
| 24:50 | Create | Villager (Male) |
| 24:56 | Build | Farm |
| 25:34 | Create | Villager (Male) |
| 25:38 | Build | Farm |
| 25:38 | Build | Farm |
| 25:38 | Build | Farm |
| 25:38 | Build | Farm |
Build order — The king
First 150 of 444 actions detected
| 0:03 | Build | House |
| 0:04 | Create | Villager (Male) |
| 0:04 | Create | Villager (Male) |
| 0:14 | Create | Villager (Male) |
| 0:14 | Create | Villager (Male) |
| 0:14 | Create | Villager (Male) |
| 0:14 | Create | Villager (Male) |
| 0:38 | Research | Loom |
| 1:28 | Build | House |
| 1:30 | Build | House |
| 1:31 | Build | House |
| 1:39 | Create | Villager (Male) |
| 1:39 | Create | Villager (Male) |
| 2:06 | Create | Villager (Male) |
| 2:07 | Create | Villager (Male) |
| 2:31 | Create | Villager (Male) |
| 2:32 | Create | Villager (Male) |
| 3:03 | Build | Lumber Camp |
| 3:09 | Create | Villager (Male) |
| 3:09 | Create | Villager (Male) |
| 3:10 | Create | Villager (Male) |
| 3:25 | Create | Villager (Male) |
| 3:25 | Create | Villager (Male) |
| 4:21 | Create | Villager (Male) |
| 4:22 | Create | Villager (Male) |
| 4:28 | Create | Villager (Male) |
| 4:28 | Create | Villager (Male) |
| 5:00 | Create | Villager (Male) |
| 5:00 | Create | Villager (Male) |
| 5:59 | Create | Villager (Male) |
| 6:00 | Create | Villager (Male) |
| 6:37 | Build | Mill |
| 6:51 | Create | Villager (Male) |
| 6:52 | Create | Villager (Male) |
| 6:52 | Create | Villager (Male) |
| 7:14 | Create | Villager (Male) |
| 7:14 | Create | Villager (Male) |
| 8:04 | Build | Mining Camp |
| 8:13 | Build | Mill |
| 9:10 | Research | Feudal Age |
| 9:20 | Build | Barracks |
| 9:23 | Build | House |
| 11:12 | Build | House |
| 11:25 | Age | Feudal Age |
| 11:27 | Create | Villager (Male) |
| 11:28 | Create | Villager (Male) |
| 11:34 | Build | Stable |
| 11:54 | Create | Villager (Male) |
| 11:55 | Create | Villager (Male) |
| 12:04 | Create | Villager (Male) |
| 12:27 | Build | Blacksmith |
| 13:21 | Research | Castle Age |
| 13:39 | Build | Stable |
| 14:11 | Build | Mill |
| 14:50 | Build | House |
| 14:57 | Research | Double-Bit Axe |
| 15:15 | Research | Horse Collar |
| 15:32 | Build | House |
| 16:01 | Age | Castle Age |
| 16:04 | Create | Villager (Male) |
| 16:05 | Create | Villager (Male) |
| 16:17 | Build | Town Center |
| 16:20 | Create | Villager (Male) |
| 16:32 | Create | Knight |
| 16:33 | Create | Knight |
| 16:42 | Create | Villager (Male) |
| 16:46 | Create | Villager (Male) |
| 17:17 | Create | Villager (Male) |
| 17:33 | Build | Farm |
| 17:35 | Build | Farm |
| 17:36 | Build | Farm |
| 17:38 | Build | Farm |
| 17:39 | Create | Villager (Male) |
| 18:04 | Build | Farm |
| 18:13 | Build | House |
| 18:19 | Build | Farm |
| 18:21 | Create | Villager (Male) |
| 18:48 | Create | Villager (Male) |
| 18:59 | Build | Monastery |
| 19:02 | Create | Villager (Male) |
| 19:27 | Create | Villager (Male) |
| 19:33 | Create | Villager (Male) |
| 19:44 | Build | Town Center |
| 19:54 | Create | Monk |
| 20:00 | Build | House |
| 20:01 | Build | House |
| 20:05 | Create | Villager (Male) |
| 20:06 | Create | Villager (Male) |
| 20:12 | Build | Farm |
| 20:14 | Build | Farm |
| 20:15 | Build | Farm |
| 20:22 | Create | Villager (Male) |
| 20:38 | Create | Villager (Male) |
| 20:48 | Build | Farm |
| 20:50 | Build | Farm |
| 20:54 | Create | Villager (Male) |
| 21:00 | Create | Villager (Male) |
| 21:04 | Build | Farm |
| 21:06 | Build | House |
| 21:08 | Build | House |
| 21:09 | Create | Villager (Male) |
| 21:27 | Build | Farm |
| 21:28 | Build | Farm |
| 21:30 | Build | Farm |
| 21:32 | Build | Farm |
| 21:33 | Build | Farm |
| 21:35 | Create | Villager (Male) |
| 21:36 | Create | Villager (Male) |
| 21:55 | Create | Villager (Male) |
| 21:59 | Create | Villager (Male) |
| 22:14 | Create | Villager (Male) |
| 22:18 | Build | House |
| 22:20 | Build | House |
| 22:32 | Create | Villager (Male) |
| 22:33 | Create | Villager (Male) |
| 22:37 | Build | Farm |
| 22:38 | Build | Farm |
| 22:40 | Build | Farm |
| 22:41 | Build | Farm |
| 22:45 | Build | Farm |
| 22:48 | Build | Farm |
| 22:58 | Create | Villager (Male) |
| 22:59 | Create | Villager (Male) |
| 23:07 | Create | Villager (Male) |
| 23:11 | Build | Farm |
| 23:13 | Build | Farm |
| 23:14 | Build | Farm |
| 23:16 | Create | Villager (Male) |
| 23:22 | Build | House |
| 23:24 | Build | House |
| 23:29 | Create | Villager (Male) |
| 23:34 | Create | Villager (Male) |
| 23:41 | Build | Farm |
| 23:43 | Build | Farm |
| 23:45 | Build | Farm |
| 23:46 | Build | Farm |
| 23:50 | Create | Villager (Male) |
| 24:07 | Research | Forging |
| 24:08 | Create | Villager (Male) |
| 24:09 | Create | Villager (Male) |
| 24:14 | Build | Farm |
| 24:15 | Build | Farm |
| 24:18 | Build | Farm |
| 24:19 | Create | Villager (Male) |
| 24:39 | Create | Villager (Male) |
| 24:40 | Create | Villager (Male) |
| 24:58 | Build | House |
| 25:00 | Build | House |
| 25:02 | Build | House |
| 25:02 | Create | Villager (Male) |
Build order — BuenaOnda
First 150 of 297 actions detected
| 0:01 | Create | Villager (Male) |
| 0:01 | Create | Villager (Male) |
| 0:02 | Create | Villager (Male) |
| 0:02 | Create | Villager (Male) |
| 0:02 | Create | Villager (Male) |
| 0:02 | Create | Villager (Male) |
| 0:04 | Build | House |
| 0:05 | Build | House |
| 1:37 | Create | Villager (Male) |
| 1:37 | Create | Villager (Male) |
| 1:57 | Build | Lumber Camp |
| 2:05 | Create | Villager (Male) |
| 2:06 | Create | Villager (Male) |
| 2:20 | Create | Villager (Male) |
| 2:20 | Create | Villager (Male) |
| 2:58 | Create | Villager (Male) |
| 2:58 | Create | Villager (Male) |
| 3:08 | Create | Villager (Male) |
| 3:08 | Create | Villager (Male) |
| 3:09 | Create | Villager (Male) |
| 3:20 | Build | House |
| 3:22 | Build | House |
| 3:44 | Create | Villager (Male) |
| 3:44 | Create | Villager (Male) |
| 3:44 | Create | Villager (Male) |
| 4:08 | Create | Villager (Male) |
| 4:08 | Create | Villager (Male) |
| 4:33 | Build | Palisade Wall |
| 4:51 | Create | Villager (Male) |
| 4:51 | Create | Villager (Male) |
| 4:51 | Create | Villager (Male) |
| 4:51 | Create | Villager (Male) |
| 5:23 | Create | Villager (Male) |
| 5:23 | Create | Villager (Male) |
| 5:23 | Create | Villager (Male) |
| 5:45 | Create | Villager (Male) |
| 5:46 | Create | Villager (Male) |
| 5:46 | Create | Villager (Male) |
| 5:46 | Create | Villager (Male) |
| 5:46 | Create | Villager (Male) |
| 6:01 | Create | Villager (Male) |
| 6:01 | Create | Villager (Male) |
| 6:20 | Create | Villager (Male) |
| 6:28 | Create | Villager (Male) |
| 6:28 | Create | Villager (Male) |
| 6:28 | Create | Villager (Male) |
| 7:03 | Build | Mill |
| 7:52 | Build | House |
| 7:57 | Build | Mining Camp |
| 8:00 | Create | Villager (Male) |
| 8:10 | Create | Villager (Male) |
| 8:10 | Create | Villager (Male) |
| 8:58 | Build | House |
| 9:09 | Build | Palisade Wall |
| 9:37 | Create | Villager (Male) |
| 10:28 | Build | Palisade Wall |
| 10:43 | Research | Feudal Age |
| 10:53 | Build | Barracks |
| 10:57 | Build | Mining Camp |
| 11:57 | Create | Villager (Male) |
| 11:58 | Create | Villager (Male) |
| 12:17 | Build | House |
| 12:52 | Build | Mill |
| 12:53 | Age | Feudal Age |
| 13:03 | Build | Stable |
| 13:12 | Build | Market |
| 13:43 | Create | Villager (Male) |
| 14:09 | Build | House |
| 14:11 | Build | House |
| 14:13 | Build | House |
| 14:21 | Build | Stone Wall |
| 14:26 | Build | Building 487 |
| 14:38 | Build | Farm |
| 14:38 | Build | Farm |
| 14:55 | Create | Villager (Male) |
| 15:28 | Build | Farm |
| 15:54 | Research | Castle Age |
| 16:14 | Research | Double-Bit Axe |
| 16:48 | Build | Farm |
| 16:53 | Build | Farm |
| 17:17 | Build | Farm |
| 17:26 | Build | Farm |
| 17:38 | Research | Horse Collar |
| 18:05 | Create | Villager (Male) |
| 18:34 | Age | Castle Age |
| 18:36 | Build | Town Center |
| 18:49 | Create | Villager (Male) |
| 18:54 | Build | Farm |
| 19:03 | Build | Farm |
| 19:06 | Create | Villager (Male) |
| 19:35 | Build | Blacksmith |
| 19:58 | Create | Villager (Male) |
| 19:59 | Create | Villager (Male) |
| 20:01 | Build | Farm |
| 20:02 | Build | Farm |
| 20:11 | Research | Stone Mining |
| 20:14 | Create | Villager (Male) |
| 20:14 | Create | Villager (Male) |
| 20:14 | Create | Villager (Male) |
| 20:15 | Create | Villager (Male) |
| 20:21 | Build | Farm |
| 20:30 | Create | Villager (Male) |
| 20:40 | Build | House |
| 20:45 | Build | House |
| 20:46 | Build | House |
| 20:55 | Create | Villager (Male) |
| 20:55 | Create | Villager (Male) |
| 20:59 | Build | Farm |
| 21:02 | Build | Farm |
| 21:07 | Build | Farm |
| 21:17 | Create | Villager (Male) |
| 21:17 | Create | Villager (Male) |
| 21:30 | Build | Castle |
| 21:35 | Create | Villager (Male) |
| 21:38 | Build | Farm |
| 21:42 | Build | Farm |
| 21:50 | Build | Farm |
| 21:52 | Create | Villager (Male) |
| 21:53 | Create | Villager (Male) |
| 21:53 | Create | Villager (Male) |
| 22:07 | Create | Villager (Male) |
| 22:08 | Create | Villager (Male) |
| 22:13 | Build | Farm |
| 22:31 | Build | House |
| 22:35 | Create | Villager (Male) |
| 22:35 | Create | Villager (Male) |
| 22:36 | Create | Villager (Male) |
| 22:39 | Build | Farm |
| 22:57 | Create | Villager (Male) |
| 23:00 | Create | Villager (Male) |
| 23:01 | Create | Villager (Male) |
| 23:15 | Build | Town Center |
| 23:30 | Build | House |
| 23:34 | Build | Farm |
| 23:36 | Build | Farm |
| 23:38 | Create | Villager (Male) |
| 23:38 | Create | Villager (Male) |
| 23:46 | Research | Gold Mining |
| 24:01 | Research | Fletching |
| 24:25 | Build | Siege Workshop |
| 24:32 | Create | Villager (Male) |
| 24:32 | Create | Villager (Male) |
| 24:34 | Create | Mameluke |
| 24:39 | Build | Farm |
| 24:42 | Build | Farm |
| 24:46 | Build | Farm |
| 24:47 | Build | Farm |
| 24:51 | Build | Farm |
| 24:52 | Create | Villager (Male) |
| 24:54 | Create | Villager (Male) |
Match timeline
| 4:33 | BuenaOnda · wall_segment Palisade Wall x34 |
| 6:52 | SINAPODO · wall_segment Palisade Wall x13 |
| 8:37 | Malvavisco · first_building Barracks |
| 8:42 | SINAPODO · first_building Barracks |
| 9:09 | BuenaOnda · wall_segment Palisade Wall x27 |
| 9:20 | The king · first_building Barracks |
| 9:38 | Malvavisco · age_up feudal |
| 10:15 | llamasalonsoignacio · first_building Barracks |
| 10:24 | SINAPODO · wall_segment Palisade Wall x5 |
| 10:28 | BuenaOnda · wall_segment Palisade Wall x1 |
| 10:44 | llamasalonsoignacio · age_up feudal |
| 10:53 | BuenaOnda · first_building Barracks |
| 10:58 | SINAPODO · age_up feudal |
| 11:11 | llamasalonsoignacio · first_building Stable |
| 11:25 | The king · age_up feudal |
| 11:34 | The king · first_building Stable |
| 11:41 | SINAPODO · wall_segment Palisade Wall x14 |
| 11:51 | SINAPODO · first_building Archery Range |
| 12:11 | Hasper · age_up feudal |
| 12:53 | BuenaOnda · age_up feudal |
| 13:03 | BuenaOnda · first_building Stable |
| 14:21 | BuenaOnda · wall_segment Stone Wall x9 |
| 14:36 | llamasalonsoignacio · wall_segment Palisade Wall x4 |
| 14:39 | Hasper · first_building Barracks |
| 14:53 | llamasalonsoignacio · wall_segment Palisade Wall x6 |
| 15:04 | BuenaOnda · first_market_buy 100 food |
| 15:20 | llamasalonsoignacio · wall_segment Palisade Wall x1 |
| 15:53 | BuenaOnda · first_market_sell 100 wood |
| 15:58 | Hasper · age_up castle |
| 16:01 | The king · age_up castle |
| 16:15 | llamasalonsoignacio · age_up castle |
| 17:00 | llamasalonsoignacio · wall_segment Palisade Wall x1 |
| 17:46 | SINAPODO · wall_segment Stone Wall x3 |
| 17:59 | llamasalonsoignacio · wall_segment Palisade Wall x2 |
| 18:09 | SINAPODO · wall_segment Stone Wall x15 |
| 18:34 | BuenaOnda · age_up castle |
| 18:59 | The king · first_building Monastery |
| 19:39 | llamasalonsoignacio · first_building Monastery |
| 20:03 | llamasalonsoignacio · wall_segment Palisade Wall x6 |
| 20:11 | SINAPODO · wall_segment Stone Wall x3 |
| 20:13 | SINAPODO · wall_segment Stone Wall x1 |
| 20:19 | SINAPODO · wall_segment Stone Wall x1 |
| 20:21 | SINAPODO · wall_segment Stone Wall x1 |
| 20:51 | SINAPODO · wall_segment Stone Wall x7 |
| 20:56 | SINAPODO · wall_segment Stone Wall x3 |
| 20:58 | SINAPODO · wall_segment Stone Wall x1 |
| 21:01 | SINAPODO · wall_segment Stone Wall x1 |
| 21:11 | llamasalonsoignacio · wall_segment Palisade Wall x1 |
| 21:30 | BuenaOnda · first_building Castle |
| 22:38 | SINAPODO · wall_segment Stone Wall x1 |
| 22:46 | Malvavisco · age_up castle |
| 22:52 | Malvavisco · first_building Krepost |
| 23:50 | llamasalonsoignacio · first_building Castle |
| 24:25 | BuenaOnda · first_building Siege Workshop |
| 25:24 | SINAPODO · first_market_buy 100 food |
| 25:38 | Hasper · first_building Castle |
| 26:14 | llamasalonsoignacio · first_building Siege Workshop |
| 28:42 | Malvavisco · first_building Castle |
| 29:25 | SINAPODO · age_up castle |
| 30:27 | The king · first_building Krepost |
| 30:42 | Hasper · first_building Siege Workshop |
| 30:59 | Hasper · first_market_sell 100 stone |
| 31:09 | SINAPODO · wall_segment Stone Wall x6 |
| 31:13 | SINAPODO · wall_segment Stone Wall x1 |
| 31:15 | SINAPODO · wall_segment Stone Wall x1 |
| 31:32 | SINAPODO · wall_segment Stone Wall x4 |
| 32:01 | llamasalonsoignacio · age_up imperial |
| 32:41 | SINAPODO · wall_segment Stone Wall x1 |
| 32:44 | The king · first_building Siege Workshop |
| 32:46 | The king · age_up imperial |
| 35:24 | Hasper · age_up imperial |
| 36:04 | llamasalonsoignacio · first_building Archery Range |
| 36:21 | BuenaOnda · age_up imperial |
| 36:45 | The king · first_building Castle |
| 36:57 | SINAPODO · first_building Monastery |
| 38:41 | The king · first_building Archery Range |
| 39:39 | SINAPODO · wall_segment Stone Wall x3 |
| 39:43 | SINAPODO · wall_segment Stone Wall x2 |
| 40:45 | SINAPODO · first_building Castle |
| 41:25 | Hasper · first_market_buy 100 stone |
| 42:59 | Malvavisco · resign |
[ AI ANALYSIS · 1 CREDIT ]
What really happened in this match?
Wolo.gg analyzes every decision: build order, eco, micro, common mistakes by bracket. Personalized analysis on WhatsApp or Discord in 30 seconds.
Civ guide
Bulgarians
Perfil
Jugador #2005146